 Dungeon Crawl Stone Soup version 0.29.0-4-gdea44cf6ec (webtiles) character file.

Game seed: 16898350250778507655

105 qw the Chopper (level 4, -2/26 HPs)
             Began as a Tengu Warper on Aug 28, 2022.
             Succumbed to a scorpion's poison
             ... on level 3 of the Dungeon.
             The game lasted 00:00:19 (3377 turns).

qw the Chopper (Tengu Warper)                       Turns: 3377, Time: 00:00:20

Health: -2/26      AC:  7    Str: 12    XL:     4   Next: 81%
Magic:  8/8        EV: 11    Int: 13    God:
Gold:   130        SH:  0    Dex: 17    Spells: 7/7 levels left

rFire   . . .      SeeInvis .   Y - +0 hand axe
rCold   . . .      Faith    .   (no shield)
rNeg    . . .      Spirit   .   k - +0 ring mail
rPois   .          Reflect  .   (helmet restricted)
rElec   .          Harm     .   i - +1 cloak
rCorr   .          Rampage  .   (no gloves)
Will    .....                   (boots unavailable)
Stlth   +.........              (no amulet)
HPRegen 0.08/turn               (no ring)
MPRegen 0.11/turn               (no ring)

@: mighty, lethally poisoned (-2 -> -23), about to teleport
A: beak, talons 3, agile 1
a: no special abilities


You were on level 3 of the Dungeon.
You visited 1 branch of the dungeon, and saw 4 of its levels.

You collected 130 gold pieces.


Innate Abilities, Weirdness & Mutations

You have a beak for a mouth.
You have claws for feet.
You are agile. (Dex +4, Str/Int -1)


   Skills:
 - Level 2.0 Fighting
 + Level 5.3 Axes
 - Level 1.0 Throwing
 - Level 1.1 Armour
 - Level 2.1 Dodging
 - Level 2.0 Spellcasting
 - Level 2.4 Translocations


You had 7 spell levels left.
You didn't know any spells.
Your spell library contained the following spells:

 Spells                   Type           Power      Damage    Failure   Level
 Blink                    Tloc           14%        N/A       32%         2
 Gell's Gravitas          Tloc           7%         N/A       54%         3
 Lesser Beckoning         Tloc           7%         N/A       54%         3
 Teleport Other           Tloc           7%         N/A       54%         3
 Manifold Assault         Tloc           7%         N/A       99%         5

Inventory:

Hand Weapons
 j - a +0 whip
 Y - a +0 hand axe (weapon)
Armour
 i - a +1 cloak (worn)
 k - a +0 ring mail (worn)
Scrolls
 g - a scroll of identify
Potions
 c - a potion of might
 d - 3 potions of curing
 e - a potion of haste
 f - a potion of cancellation {unknown}
 h - a potion of mutation
 m - a potion of lignification {unknown}

Dungeon Overview and Level Annotations

Branches:
Dungeon (4/15)
 Temple: D:4-7

Altars:

Annotations:
D:3 3 runed translucent doors, qw's ghost, amateur TeWr


Message History

You climb downwards.
The ball python hisses angrily.
Found a spear.
There is a stone staircase leading up here.
There are monsters nearby!
Existing waypoints: (1) D:2 (2) D:3 Assign waypoint to what number? (0-9, D - delete waypoint) Waypoint 1 re-assigned from D:2 to D:4.
Enter note: The endoplasm quivers.
3372 ||| STAIRDANCE The scorpion stings you.
You are poisoned.
The scorpion poisons you!
You climb upwards.
Level annotation: 3 runed translucent doors, qw's ghost, amateur TeWr You feel very sick.
There is a stone staircase leading down here.
Enter note:
Enter note:
Enter note: You slash the scorpion!
You peck the scorpion.
The scorpion is severely wounded.
You feel sick. The scorpion barely misses you.
You hit the scorpion but do no damage. Your peck misses the scorpion.
The scorpion is severely wounded.
You feel sick. The scorpion stings you.
You are lethally poisoned!
The scorpion poisons you!
You closely miss the scorpion.
The scorpion is severely wounded.
You feel very sick. The scorpion stings you.
You are more poisoned.
The scorpion poisons you! The scorpion stings you.
3377 ||| READING scroll of teleportation.
As you read the scroll of teleportation, it crumbles to dust.
You feel strangely unstable.
You die...

###.#.##.########..#
#...#..............#
#...#.....#######..#
#........## #####.######
#........## #..........#####
#...#.....####...............
#...#........#..........###..
#...#....###.....######## #..
#........###@....# ###
#...........s#.#[##### #W.
#.....###.####.#.....# #..
#....[....###..#####.### #..
#......###....######...####7(
#....#....................#..
#....#####....########....###
#############.# #####..#
#..<........# ##..


You could see a scorpion.

Vanquished Creatures
  An adder (D:3)
  4 worms
  3 dart slugs
  An orc (D:3)
  7 bats
  2 endoplasms
  A giant cockroach (D:1)
  8 hobgoblins
  6 jackals (D:3)
  8 kobolds
  5 quokkas
  5 ball pythons
  5 frilled lizards
  10 goblins
  6 rats
72 creatures vanquished.

Vanquished Creatures (others)
  A plant (D:1)
1 creature vanquished.

Grand Total: 73 creatures vanquished

Notes
Turn   | Place    | Note
-------+----------+-------------------------------------------
     0 | D:1      | qw the Tengu Warper began the quest for the Orb.
     0 | D:1      | Reached XP level 1. HP: 12/12 MP: 4/4
     0 | D:1      | 0 ||| qw: Version: 0.1-a-89-g26bdef1
     0 | D:1      | 0 ||| qw: Game counter: 1051
     0 | D:1      | 0 ||| qw: Always use a shield: true
     0 | D:1      | 0 ||| qw: God list: Okawaru
     0 | D:1      | 0 ||| qw: Allow faded altars: false
     0 | D:1      | 0 ||| qw: Do Orc after D:15 true
     0 | D:1      | 0 ||| qw: Do second Lair branch before Depths: true
     0 | D:1      | 0 ||| qw: Lair rune preference: random
     0 | D:1      | 0 ||| qw: Plans: Normal
     0 | D:1      | 0 ||| PLANNING D:1-11
   177 | D:1      | Reached XP level 2. HP: 17/17 MP: 6/6
   189 | D:1      | Reached skill level 3 in Axes
   822 | D:1      | 822 ||| Stepping ~*~*~tactically~*~*~ (stealth).
   824 | D:1      | 824 ||| Stepping ~*~*~tactically~*~*~ (stealth).
   825 | D:1      | 825 ||| Stepping ~*~*~tactically~*~*~ (stealth).
   928 | D:1      | 928 ||| DROPPING +0 club.
   987 | D:1      | Reached XP level 3. HP: 21/21 MP: 7/7
  1029 | D:1      | 1029 ||| Stepping ~*~*~tactically~*~*~ (stealth).
  1399 | D:1      | 1399 ||| UPGRADING to +0 cloak.
  1404 | D:1      | 1404 ||| UPGRADING to +0 ring mail.
  1414 | D:1      | 1414 ||| DROPPING +0 leather armour.
  1415 | D:1      | 1415 ||| READING scroll labelled WAMOPSY JAJEW.
  1416 | D:1      | 1416 ||| DROPPING scroll of blinking.
  1440 | D:2      | Found a faded altar of an unknown god.
  1451 | D:2      | 1451 ||| FLEEEEING.
  1452 | D:2      | 1452 ||| FLEEEEING.
  1453 | D:2      | 1453 ||| STAIRDANCE
  1505 | D:2      | Reached skill level 4 in Axes
  1580 | D:2      | HP: 5/21 [worm (7)]
  2074 | D:2      | 2074 ||| Stepping ~*~*~tactically~*~*~ (stealth).
  2089 | D:2      | 2089 ||| Stepping ~*~*~tactically~*~*~ (stealth).
  2254 | D:2      | Reached XP level 4. HP: 26/26 MP: 8/8
  2524 | D:2      | 2524 ||| READING 3 scrolls labelled UFIMITHEOF.
  2525 | D:2      | 2525 ||| READING 2 scrolls labelled PYNTUW LIJA JORAI.
  2526 | D:2      | 2526 ||| READING scroll of enchant armour.
  2526 | D:2      | 2526 ||| ENCHANTING +0 cloak.
  2527 | D:2      | 2527 ||| READING scroll labelled UBRANGENAE.
  2532 | D:2      | 2532 ||| READING scroll labelled LELUWK NOSIAWIMURO.
  2533 | D:2      | 2533 ||| DRINKING 2 red potions.
  2534 | D:2      | 2534 ||| DRINKING 2 cyan potions.
  2535 | D:2      | 2535 ||| DRINKING 2 sedimented inky potions.
  2536 | D:2      | 2536 ||| DROPPING potion of invisibility.
  2537 | D:2      | 2537 ||| DROPPING 2 scrolls of amnesia.
  2554 | D:3      | 2554 ||| Stepping ~*~*~tactically~*~*~ (stealth).
  2556 | D:3      | 2556 ||| Stepping ~*~*~tactically~*~*~ (stealth).
  2558 | D:3      | 2558 ||| Stepping ~*~*~tactically~*~*~ (stealth).
  2560 | D:3      | 2560 ||| Stepping ~*~*~tactically~*~*~ (stealth).
  2615 | D:3      | 2615 ||| Stepping ~*~*~tactically~*~*~ (stealth).
  2616 | D:3      | 2616 ||| Stepping ~*~*~tactically~*~*~ (stealth).
  2618 | D:3      | 2618 ||| Stepping ~*~*~tactically~*~*~ (stealth).
  2641 | D:3      | Reached skill level 5 in Axes
  3114 | D:3      | Found a runed translucent gate.
  3114 | D:3      | Found a runed translucent gate.
  3114 | D:3      | Found a runed translucent gate.
  3344 | D:3      | Noticed qw's ghost (amateur TeWr)
  3346 | D:3      | 3346 ||| DROPPING +2 robe of willpower.
  3347 | D:3      | 3347 ||| READING scroll labelled WIRHIE ZODDIWI.
  3348 | D:3      | 3348 ||| DRINKING 2 amethyst potions.
  3349 | D:3      | 3349 ||| DRINKING 2 metallic coppery potions.
  3349 | D:3      | Gained mutation: You are agile. (Dex +4, Str/Int -1)
                  | [potion of mutation]
  3370 | D:4      | Noticed a scorpion
  3372 | D:4      | 3372 ||| STAIRDANCE
  3376 | D:3      | HP: 2/26 [scorpion (5)]
  3377 | D:3      | 3377 ||| READING scroll of teleportation.
  3377 | D:3      | Succumbed to a scorpion's poison

Levels and vault maps discovered:
D:1:      dpeg_arrival_subterranean_lakeside_camping, layout_basic,
          serial_forest, infiniplex_forest_clump_large,
          infiniplex_forest_diagonal, infiniplex_forest_clump_small,
          infiniplex_forest_clump_medium, infiniplex_forest_diagonal,
          infiniplex_forest_zigzag_2
D:2:      layout_rooms, basic_ecumenical_altar, kennysheep_minor_cross,
          hangedman_abyss_or_decor_lesser_grid
D:3:      layout_rooms, ebering_ghost_rock_garden, corexii_leaking_fountain
D:4:      layout_loops_cross, trog_book, nicolae_ru_sacrificial_ziggurat,
          minmay_temple_entry_arrows, minivault_5

Skill      XL: |  1  2  3  4 |
---------------+-------------+-----
Axes           | 3 4 5 |  5.3
Fighting       | |  2.0
Throwing       | |  1.0
Armour         | |  1.1
Dodging        | |  2.1
Spellcasting   | |  2.0
Translocations | |  2.4

Action                   |  1- 3 |  4- 6 || total
-------------------------+-------+-------++-------
Melee: Hand axe          |    96 |    76 ||   172
       Peck              |    14 |    13 ||    27
       Kick              |    21 |    17 ||    38
       Punch             |     1 |       ||     1
Throw: Boomerang         |     7 |       ||     7
  Use: Scroll            |     1 |     7 ||     8
       Potion            |       |     5 ||     5
 Stab: Distracted        |       |     1 ||     1
Armor: Leather armour    |    15 |       ||    15
       Ring mail         |     9 |    18 ||    27
Dodge: Dodged            |    36 |    42 ||    78

Table legend:
 A = Non-vault XP
 B = Vault XP
 C = Vault XP percentage of total XP
 D = Non-vault monster count
 E = Vault monster count
 F = Vault count percentage of total count
                 A         B        C        D         E       F
            +---------+---------+-------+---------+---------+-------
      Total |     142 |       8 |   5.3 |      66 |       6 |   8.3
            +---------+---------+-------+---------+---------+-------
        D:1 |      33 |       8 |  19.5 |      20 |       6 |  23.1
        D:2 |      53 |       0 |   0.0 |      24 |       0 |   0.0
        D:3 |      56 |       0 |   0.0 |      22 |       0 |   0.0
            +---------+---------+-------+---------+---------+-------
